 Dungeon Crawl Stone Soup version 0.16-a0-764-g7febf84 (webtiles) character file.

72825 Amnekian the Bludgeoner (level 15, -4/174 HPs)
             Began as an Ogre Hunter on Sept 24, 2014.
             Was a High Priest of Okawaru.
             Slain by a red wasp (6 damage)
             ... while paralysed by a red wasp
             ... on Level 3 of the Lair of Beasts.
             The game lasted 03:34:50 (31207 turns).

Amnekian the Bludgeoner (Ogre Hunter)              Turns: 31207, Time: 03:34:50

HP  -4/174       AC  8     Str 21      XL: 15   Next: 41%
MP  24/28        EV  1     Int 10      God: Okawaru [*****.]
Gold 1507        SH  0     Dex 15      Spells:  0 memorised, 14 levels left

rFire  + . .     SeeInvis .     a - +7 great mace "Undeadhunter" {disrupt, rN+}
rCold  . . .     Clarity  +     o - +2 robe "Graal" {rF+ Slay+6}
rNeg   + . .     rCorr    .     (shield restricted)
rPois  .         rRot     .     (helmet restricted)
rElec  .         Spirit   .     y - +1 cloak
SustAb .         Warding  .     (gloves unavailable)
rMut   .         Stasis   .     (boots unavailable)
Gourm  .                        G - amulet of clarity
MR     +++..                    T - ring of protection from magic
                                d - ring of protection from magic

@: paralysed, lethally poisoned, heroism, finesse, slowed, extremely resistant
to hostile enchantments, fairly stealthy
A: unfitting armour, molten scales 1, tough skin 1
a: Heroism, Finesse, Renounce Religion


You were on level 3 of the Lair of Beasts.
You worshipped Okawaru.
Okawaru was extremely pleased with you.
You were not hungry.

You visited 4 branches of the dungeon, and saw 24 of its levels.
You also visited: Labyrinth and Ice Cave.

You collected 1507 gold pieces.

Inventory:

Hand weapons
 a - the +7 great mace "Undeadhunter" (weapon) {disrupt, rN+}
   (You found it in a labyrinth)

   It protects you from negative energy.
 b - a +0 blowgun
Missiles
 c - 12 large rocks (quivered)
 h - 5 silver tomahawks
 A - 8 poisoned needles
 F - 14 curare-tipped needles
 Z - 4 throwing nets
Armour
 o - the +2 robe "Graal" (worn) {rF+ Slay+6}
   (Okawaru gifted it to you on level 6 of the Lair of Beasts)

   It affects your accuracy and damage with ranged weapons and melee attacks
   (+6).
   It protects you from fire.
 y - a +1 cloak (worn)
Magical devices
 k - a wand of flame (9)
 l - a wand of fire (1)
 B - a wand of flame (10)
 C - a wand of disintegration (13)
 E - a wand of hasting (0)
 L - a wand of lightning (4)
 P - a wand of paralysis (11)
Comestibles
 f - 13 meat rations
 g - a rotting chunk of giant frog flesh
 t - 15 bread rations
 u - 7 beef jerkies
 N - 27 fruits
 X - a slice of pizza
Scrolls
 j - 7 scrolls of remove curse
 s - 4 scrolls of teleportation
 x - 3 scrolls of blinking
 H - a scroll of magic mapping
 O - a scroll of fog
 V - 2 scrolls of fear
Jewellery
 d - a ring of protection from magic (left hand)
 m - an uncursed ring of see invisible
 v - an uncursed ring of poison resistance
 G - an amulet of clarity (around neck)
 M - an uncursed ring of flight
 R - an uncursed ring of fire
 T - a ring of protection from magic (right hand)
Potions
 e - 2 potions of might
 i - 7 potions of curing
 p - 4 potions of heal wounds
 q - 2 potions of berserk rage
 r - 2 potions of haste
 D - 7 potions of flight
 W - a potion of invisibility
Miscellaneous
 w - a stone of tremors


   Skills:
 - Level 17.0(22.0) Fighting
 - Level 17.6(22.6) Maces & Flails
 - Level 4.3(9.3) Throwing
 * Level 0.0(5.0) Armour
 - Level 13.6(18.6) Dodging
 - Level 5.0(10.0) Stealth
 - Level 9.7 Invocations


You had 14 spell levels left.
You didn't know any spells.

Dungeon Overview and Level Annotations

Branches:
Dungeon (15/15)            Temple (1/1) D:7             Orc (0/4) D:12
   Lair (7/8) D:8          Shoals (0/5) Lair:4       Spider (1/5) Lair:3
  Slime (0/6) Lair:6       Vaults (0/5) D:13         Depths (0/5) D:15

Altars:
Ashenzari
Cheibriados
Dithmenos
Elyvilon
Fedhas
Gozag
Kikubaaqudgha
Makhleb
Nemelex Xobeh
Okawaru
Qazlal
Ru
Sif Muna
Trog
Vehumet
Xom
Yredelemnul
Zin
The Shining One
Jiyva

Shops:
D:7 [   D:9 (

Annotations:
Lair:1 exclusion: oklob plant
Lair:2 exclusion: 2 oklob plants
Lair:3 Snorg
Lair:4 exclusions: door and 1 more exclusion


Innate Abilities, Weirdness & Mutations

You are too large for most types of armour.
You have tough skin (AC +1).
You are partially covered in molten scales (AC +1).


Message History

You barely miss the red wasp.
The red wasp is severely wounded.
You feel very sick. The red wasp misses you.
You closely miss the red wasp.
The red wasp is severely wounded.
You feel sick. The red wasp stings you!
* * * LOW HITPOINT WARNING * * *
You are more poisoned.
You suddenly lose the ability to move!
* * * LOW HITPOINT WARNING * * *
You feel very sick. The red wasp stings you!
* * * LOW HITPOINT WARNING * * *
You are more poisoned.
You shrug off the repeated paralysis!
* * * LOW HITPOINT WARNING * * *
You feel very sick. The red wasp stings you.
You die...

.#.##.....#..............#.......
.P.##.##..#.........#....#......#
...#..#..##.....................#
......##.......P.................
......P#%P....................#..
.........##....#.#.#...#......#..
.........#.....#####.#...#....#..
..........#...###^#^###..###....#
..............##@..^...^..##.....
..............##y≈≈≈..#..####....
.........##...#Tss≈≈......###....
...#.....##...#.>.≈≈....#.##.....
....#....##...#...≈≈.)..#.##P....
...##.#P.##...##+≈≈≈.....###.....
...#[.##..#...# ........###......
...#P.##.....###..#####..##......
.P....#..##.#..#### ##..##.......


You could see Snorg, a wolf spider, a red wasp and a scorpion.

Vanquished Creatures
  An ettin (D:15)
  The ghost of MRaven the Geomancer, a powerful DDEE of Makhleb (Lair:3)
  A minotaur (Lab)
  7 hydras
  Fannar (D:12)
  A rakshasa (D:10)
  Erica (D:12)
  An ogre mage (D:15)
  3 centaur warriors
  The ghost of TAS2012 the Spry, a powerful FeMo of Ru (D:14)
  The ghost of WhatIsLove the Thaumaturge, an experienced DgEE (D:9)
  10 death yaks
  A tengu warrior (D:15)
  An orb spider (Lair:3)
  An orb spider (shapeshifter) (D:15)
  4 unseen horrors
  7 hill giants
  2 wolf spiders
  2 griffons
  8 ugly things
  A draconian (shapeshifter) (D:13)
  2 necromancers (D:13)
  6 elephants (Lair:5)
  2 cyclopes
  2 manticores (D:13)
  4 black mambas
  A centaur skeleton (D:10)
  A kobold demonologist (D:13)
  7 komodo dragons
  11 spiny frogs
  8 trolls
  A deep elf priest (D:15)
  A two-headed ogre (D:11)
  15 blink frogs (Lair:4)
  4 slime creatures (D:13)
  2 trapdoor spiders (Lab)
  A water elemental (D:15)
  8 hippogriffs
  2 redbacks (Lair:5)
  48 yaks
  Eustachio (D:4)
  2 deep elf magi (D:15)
  A hungry ghost (D:13)
  A deep elf fighter (D:7)
  9 vampire mosquitoes
  2 hill giant skeletons (D:8)
  11 wolves
  Edmund (D:5)
  A soldier ant (D:10)
  A tengu zombie (D:13)
  9 porcupines
  10 water moccasins
  3 sky beasts
  4 black bears
  2 phantoms
  17 ice beasts
  A necrophage (D:6)
  5 centaurs
  A manticore zombie (D:11)
  6 ogres
  16 crocodiles
  6 orc warriors
  A big kobold (D:13)
  22 giant frogs
  A yaktaur skeleton (D:10)
  A cyclops skeleton (D:14)
  3 eyes of draining
  A hippogriff zombie (D:5)
  3 wights (D:6)
  3 scorpions
  2 troll zombies
  4 killer bees (D:11)
  A hippogriff skeleton (D:13)
  3 goliath beetles
  2 electric eels (Lair:5)
  7 crimson imps
  2 giant frog zombies
  5 orc priests
  9 iguanas
  4 gnoll shamans (D:4)
  6 jellies
  5 orc wizards
  A two-headed ogre zombie (D:7)
  A giant frog skeleton (D:12)
  7 hounds
  Natasha (thrice) (D:5)
  2 orange rats (Lair:7)
  18 worker ants
  3 sheep (D:10)
  Ijyb (D:5)
  An ogre zombie (D:8)
  A worker ant zombie (D:11)
  18 adders
  31 gnolls (D:4)
  67 green rats
  3 orc skeletons
  2 shadow imps
  2 giant mites
  A worm (D:4)
  3 adder skeletons
  5 giant geckos
  3 oozes
  70 orcs
  A ball python (D:2)
  A bat skeleton (D:4)
  4 giant cockroaches
  16 goblins
  11 hobgoblins
  32 jackals
  15 kobolds
  13 quokkas
  22 bats
  3 giant newts
  A kobold skeleton (D:5)
  A kobold zombie (D:5)
  2 orc zombies
  22 rats
  A rat zombie (D:5)
  2 fungi
  7 plants
774 creatures vanquished.

Vanquished Creatures (others)
  An orc warrior (D:8)
  A centaur (D:6)
  An orc (D:8)
  4 fungi
  2 plants (D:8)
9 creatures vanquished.

Grand Total: 783 creatures vanquished

Notes
Turn   | Place    | Note
--------------------------------------------------------------
     0 | D:1      | Amnekian, the Ogre Hunter, began the quest for the Orb.
     0 | D:1      | Reached XP level 1. HP: 22/22 MP: 1/1
   232 | D:1      | Reached XP level 2. HP: 23/29 MP: 2/2
   663 | D:1      | Reached XP level 3. HP: 33/36 MP: 3/3
  1319 | D:2      | Reached XP level 4. HP: 33/44 MP: 4/4
  1397 | D:2      | Found a burning altar of Makhleb.
  1401 | D:2      | Found a stormy altar of Qazlal.
  1468 | D:2      | Reached skill level 5 in Maces & Flails
  2048 | D:3      | Found a glowing golden altar of the Shining One.
  2303 | D:4      | Reached skill level 6 in Maces & Flails
  2315 | D:4      | Noticed an ogre
  2376 | D:3      | Reached XP level 5. HP: 46/50 MP: 5/5
  2423 | D:4      | Noticed Eustachio
  2429 | D:4      | Killed Eustachio
  2429 | D:4      | Reached skill level 7 in Maces & Flails
  2429 | D:4      | Reached XP level 6. HP: 59/59 MP: 6/6
  2438 | D:4      | Reached skill level 8 in Maces & Flails
  2488 | D:4      | Killed an ogre
  3118 | D:4      | Reached skill level 9 in Maces & Flails
  3169 | D:4      | Reached XP level 7. HP: 29/66 MP: 7/7
  3995 | D:5      | Entered Level 5 of the Dungeon
  4117 | D:5      | Reached skill level 10 in Maces & Flails
  4522 | D:5      | Reached skill level 5 in Fighting
  4751 | D:5      | Noticed Edmund
  4919 | D:5      | Noticed Ijyb
  4934 | D:5      | Killed Ijyb
  4934 | D:5      | Reached XP level 8. HP: 83/83 MP: 8/8
  5546 | D:6      | Noticed Natasha
  6279 | D:6      | Reached skill level 10 in Fighting
  6356 | D:6      | Reached XP level 9. HP: 89/102 MP: 9/9
  6399 | D:6      | Reached skill level 11 in Fighting
  6916 | D:5      | Killed Natasha
  7242 | D:7      | Reached skill level 12 in Fighting
  7255 | D:7      | Reached skill level 1 in Stealth
  7350 | D:7      | Found Gius' Armour Shop.
  7646 | D:7      | Found a staircase to the Ecumenical Temple.
  7660 | Temple   | Entered the Ecumenical Temple
  7797 | Temple   | Became a worshipper of Warmaster Okawaru
  8211 | D:4      | Noticed an ogre
  8228 | D:4      | Killed an ogre
  8380 | D:4      | HP: 5/106 [gnoll/spear (8)]
  9374 | D:5      | Noticed Natasha
  9389 | D:5      | Killed Natasha
  9424 | D:5      | Noticed Natasha
  9433 | D:5      | Killed Natasha
  9447 | D:5      | Killed Edmund
  9906 | D:8      | Reached skill level 5 in Dodging
  9910 | D:8      | Acquired Okawaru's first power
  9928 | D:8      | Got a silk robe
  9943 | D:8      | Identified the +2 robe "Rayll" {Dex+4} (You found it on level 8 of the Dungeon)
 10051 | D:8      | Reached XP level 10. HP: 112/115 MP: 10/10
 10897 | D:8      | Found a staircase to the Lair.
 11004 | Lair:1   | Entered Level 1 of the Lair of Beasts
 11583 | Lair:1   | Found a frozen archway.
 11634 | IceCv    | Entered an ice cave
 11661 | IceCv    | Reached XP level 11. HP: 47/123 MP: 9/11
 11664 | IceCv    | Reached skill level 10 in Dodging
 11920 | IceCv    | Noticed an ice statue
 11920 | IceCv    | Noticed an ice statue
 11971 | Lair:1   | Noticed an oklob plant
 12000 | Lair:1   | Reached skill level 1 in Invocations
 12333 | Lair:1   | Got a pitted flail
 12334 | Lair:1   | Identified the +7 flail "Raciriul" {venom, Int-4} (You found it on level 1 of the Lair of Beasts)
 13152 | Lair:2   | Noticed a six-headed hydra
 13164 | Lair:2   | Noticed a six-headed hydra
 13472 | Lair:3   | Found a hole to the Spider Nest.
 13472 | Lair:3   | Noticed an orb spider
 13559 | Lair:3   | Noticed MRaven's ghost (powerful DDEE)
 13690 | Lair:3   | Noticed a seven-headed hydra
 13729 | Lair:3   | Killed a seven-headed hydra
 13913 | Lair:2   | Killed a six-headed hydra
 13925 | Lair:2   | Killed a six-headed hydra
 13925 | Lair:2   | Reached skill level 13 in Maces & Flails
 14810 | Lair:3   | Reached skill level 14 in Maces & Flails
 15204 | Lair:3   | Killed MRaven's ghost
 15204 | Lair:3   | Acquired Okawaru's second power
 15204 | Lair:3   | Reached XP level 12. HP: 128/132 MP: 18/18
 15376 | Lair:3   | Killed an orb spider
 15546 | Lair:4   | Noticed a seven-headed hydra
 15601 | Lair:4   | Reached skill level 5 in Invocations
 15633 | Lair:4   | Killed a seven-headed hydra
 16389 | Lair:4   | Reached skill level 15 in Maces & Flails
 16399 | Lair:4   | Received a gift from Okawaru
 16400 | Lair:4   | Got a warped cutlass {god gift}
 16837 | Lair:4   | Reached skill level 16 in Maces & Flails
 16966 | Lair:4   | Found a staircase to the Shoals.
 17927 | Lair:5   | Reached XP level 13. HP: 124/140 MP: 25/25
 17930 | Lair:5   | Found a glowing silver altar of Zin.
 18161 | Lair:5   | Reached skill level 17 in Maces & Flails
 18594 | Lair:5   | Received a gift from Okawaru
 18874 | Lair:6   | Received a gift from Okawaru
 19281 | Lair:6   | Received a gift from Okawaru
 19285 | Lair:6   | Got a brightly glowing robe {god gift}
 19296 | Lair:6   | Identified the +2 robe "Graal" {rF+ Slay+6} (Okawaru gifted it to you on level 6 of the Lair of Beasts)
 19308 | Lair:6   | Found a staircase to the Slime Pits.
 19308 | Lair:6   | Found a viscous altar of Jiyva.
 19331 | Lair:6   | Reached skill level 5 in Stealth
 21945 | Lair:7   | Received a gift from Okawaru
 22196 | Lair:7   | Reached XP level 14. HP: 86/149 MP: 27/27
 22475 | Lair:6   | Received a gift from Okawaru
 22617 | Lair:4   | Received a gift from Okawaru
 22772 | D:9      | Noticed WhatIsLove's ghost (experienced DgEE)
 22787 | D:9      | Killed WhatIsLove's ghost
 23649 | D:9      | Found Kaul's Antique Weapon Shop.
 23800 | D:10     | Entered Level 10 of the Dungeon
 24139 | D:10     | Found a basalt altar of Yredelemnul.
 24371 | D:10     | Got a brightly glowing shield
 24378 | D:10     | Identified the cursed -2 shield "Khix" {rF+ Int+2 Curse} (You found it on level 10 of the Dungeon)
 24932 | D:11     | Found a shimmering altar of Xom.
 24933 | D:11     | Found a shimmering altar of Xom.
 24934 | D:11     | Found a shimmering altar of Xom.
 24935 | D:11     | Found a shimmering altar of Xom.
 24936 | D:11     | Found a shimmering altar of Xom.
 25818 | D:12     | Found a labyrinth entrance.
 25830 | Lab      | Entered a labyrinth
 26109 | Lab      | Gained mutation: You are partially covered in molten scales (AC +1). [potion of beneficial mutation]
 26584 | D:12     | Received a gift from Okawaru
 26644 | D:12     | Noticed Erica
 26659 | D:12     | Killed Erica
 26826 | D:12     | Found a shadowy altar of Dithmenos.
 26940 | D:12     | Noticed Fannar
 26993 | D:12     | Killed Fannar
 27095 | D:12     | Found a staircase to the Orcish Mines.
 28354 | D:13     | Reached skill level 15 in Fighting
 28590 | D:13     | Found a gate to the Vaults.
 28916 | D:14     | Reached XP level 15. HP: 150/169 MP: 28/28
 28918 | D:14     | Noticed TAS2012's ghost (powerful FeMo)
 28924 | D:14     | Killed TAS2012's ghost
 29708 | D:15     | Entered Level 15 of the Dungeon
 29991 | D:13     | Received a gift from Okawaru
 30625 | D:15     | Found a staircase to the Depths.
 31184 | Spider:1 | Entered Level 1 of the Spider Nest
 31184 | Spider:1 | Noticed Snorg
 31198 | Lair:3   | Paralysed by a red wasp for 2 turns
 31205 | Lair:3   | Paralysed by a red wasp for 3 turns
 31206 | Lair:3   | HP: 8/174 [red wasp (15)]
 31207 | Lair:3   | HP: 2/174 [poisoned by a red wasp]
 31207 | Lair:3   | Slain by a red wasp

Action                   |  1- 3 |  4- 6 |  7- 9 | 10-12 | 13-15 || total
-------------------------+-------+-------+-------+-------+-------++-------
Melee: Club              |    67 |       |       |       |       ||    67
       Mace              |    36 |    34 |       |       |       ||    70
       Flail             |       |    67 |   307 |       |       ||   374
       Giant spiked club |       |    23 |   148 |   304 |       ||   475
       Giant club        |       |       |       |   267 |   254 ||   521
       Great mace        |       |       |       |       |   489 ||   489
 Fire: Blowgun           |       |       |     4 |       |       ||     4
Throw: Stone             |    77 |    69 |   104 |    41 |       ||   291
       Large rock        |     4 |     8 |     7 |    44 |   129 ||   192
       Tomahawk          |       |       |    75 |    56 |    96 ||   227
       Javelin           |       |       |       |    26 |    55 ||    81
       Throwing net      |       |       |       |     3 |       ||     3
Invok: Heroism           |       |       |       |    11 |     7 ||    18
       Finesse           |       |       |       |       |     2 ||     2
Evoke: Wand              |       |       |     2 |    30 |     5 ||    37
  Use: Scroll            |       |     2 |     7 |    17 |    12 ||    38
       Potion            |       |       |     2 |       |     2 ||     4
 Stab: Sleeping          |       |       |     1 |     3 |     9 ||    13
       Distracted        |       |       |     1 |     2 |     1 ||     4
  Eat: Chunk             |     1 |     6 |    20 |    21 |    40 ||    88
       Royal jelly       |       |       |     1 |       |       ||     1
       Fruit             |       |       |       |     7 |     2 ||     9
